 Dungeon Crawl Stone Soup version 0.30-a0-1124-g6e8f0f562f (webtiles) character file.

Game seed: 14023459475302653231

166 Laraso the Cudgeller (level 5, -4/44 HPs)
             Began as an Armataur Fighter on Apr 23, 2023.
             Slain by Natasha (13 damage)
             ... on level 2 of the Dungeon.
             The game lasted 00:02:39 (2299 turns).

Laraso the Cudgeller (Armataur Fighter)             Turns: 2299, Time: 00:02:39

Health: -4/44      AC:  6    Str: 22    XL:     5   Next: 22%
Magic:  5/5        EV:  7    Int:  8    God:
Gold:   165        SH:  4    Dex: 11    Spells: 4/4 levels left

rFire   . . .        a - +0 flail
rCold   . . .        c - +0 buckler
rNeg    . . .        e - +0 scale mail
rPois   .            (no helmet)
rElec   .            (no cloak)
rCorr   .            (no gloves)
SInv    .            (no barding)
Will    .....        (no amulet) Stlth
                     (no ring)
HPRegen 0.27/turn    (no ring)
MPRegen 0.09/turn

%: roll
@: lethally poisoned (-4 -> -5)
A: large, rugged brown scales 3, deformed body, armoured tail, roll, long
tongue, awkward tongue
a: no special abilities


You were on level 2 of the Dungeon.
You visited 1 branch of the dungeon, and saw 2 of its levels.

You collected 165 gold pieces.

Inventory:

Hand Weapons
 a - a +0 flail (weapon)
 b - a +0 sling
Armour
 c - a +0 buckler (worn)
 e - a +0 scale mail (worn)
Scrolls
 f - 2 scrolls of teleportation {unknown}
 g - a scroll of torment {unknown}
 i - 3 scrolls of blinking {unknown}


   Skills:
 - Level 2.6 Fighting
 * Level 5.0 Maces & Flails
 - Level 3.6 Armour
 - Level 3.2 Shields


You had 4 spell levels left.
You didn't know any spells.
Your spell library contained the following spells:

 Spells                   Type           Power      Damage    Failure   Level
 Sandblast                Erth           0%         2d4       80%         1
 Lesser Beckoning         Tloc           0%         N/A       91%         2
 Passwall                 Tmut/Erth      0%         N/A       91%         2
 Gell's Gravitas          Tloc           0%         N/A       99%         3
 Stone Arrow              Conj/Erth      0%         3d7       99%         3
 Teleport Other           Tloc           0%         N/A       99%         3


Dungeon Overview and Level Annotations

Branches:
Dungeon (2/15)

Altars:

Annotations:
D:2 Natasha


Innate Abilities, Weirdness & Mutations

You are completely covered in rugged brown scales. (AC +3, +7% HP)
Armour fits poorly on your strangely shaped body.
You have a long armoured tail.
You roll when moving toward enemies. (Rampage)
Your long tongue fully drains potion bottles. (2x potion effects)
Your tongue gives you trouble enunciating. (1.5x scroll delay)


Message History

Natasha is moderately wounded.
Natasha claws you! Natasha closely misses you.
You closely miss Natasha.
Natasha is moderately wounded.
You block Natasha's attack.
You closely miss Natasha.
Natasha is moderately wounded.
Natasha claws you!
You closely miss Natasha.
Natasha is moderately wounded.
The adder bites you but does no damage. You block Natasha's attack.
The adder bites you but does no damage. The adder attacks as you move away!
The adder bites you but does no damage.
Natasha wildly gestures.
You feel disoriented. Natasha casts a spell at you. The magic dart hits you.
You see here a scroll labelled YSTRUE VYONUK.
The adder attacks as you move away! The adder bites you.
You closely miss the adder. The adder bites you.
You are poisoned.
The adder poisons you! You block the adder's attack.
You hit the adder but do no damage.
You feel sick. The adder bites you but does no damage.
You closely miss the adder.
You feel sick. The adder bites you but does no damage.
The adder barely misses you.
You hit the adder.
Your tail-slap misses the adder.
The adder is moderately wounded.
You feel sick. The adder bites you.
* * * LOW HITPOINT WARNING * * *
The adder bites you but does no damage.
You sock the adder!
You kill the adder!
You feel sick.
Natasha mumbles some strange words.
Your Maces & Flails skill increases to level 5!
You roll towards Natasha!
You closely miss Natasha.
Natasha is moderately wounded.
You feel sick. Natasha claws you!
You die...

.....######## #.#
....[# #.# ..†..# #.#
.....# #.# .....#
######### #.# #.##.#
........#########.#
..# #
.............)....#
###
........########### #
.......h@...# #
.....5..###.#
#####.... #
######################
.....................#
#################.####
#).).....# #.#
#.######.# #.# ....#
#.# #.#


You could see Natasha (strong) and a cerulean imp (summoned).

Vanquished Creatures
  Natasha (twice) (D:2)
  An orc wizard (D:2)
  Terence (D:2)
  2 adders (D:2)
  A dart slug (D:1)
  A worm (D:2)
  3 orcs (D:2)
  4 endoplasms
  A giant cockroach (D:1)
  2 hobgoblins (D:2)
  5 jackals
  7 kobolds
  3 quokkas
  2 ball pythons (D:2)
  3 bats
  5 goblins
  2 rats
45 creatures vanquished.

Notes
Turn   | Place    | Note
-------+----------+-------------------------------------------
     0 | D:1      | Laraso the Armataur Fighter began the quest for the Orb.
     0 | D:1      | Reached XP level 1. HP: 19/19 MP: 1/1
   101 | D:1      | Reached skill level 2 in Maces & Flails
   213 | D:1      | Reached XP level 2. HP: 26/26 MP: 2/2
  1006 | D:2      | Reached skill level 3 in Maces & Flails
  1008 | D:2      | Noticed Terence
  1023 | D:2      | Killed Terence
  1024 | D:2      | Reached XP level 3. HP: 8/32 MP: 3/3
  1562 | D:2      | Reached skill level 4 in Maces & Flails
  1562 | D:2      | Reached XP level 4. HP: 6/39 MP: 4/4
  1574 | D:2      | Noticed Natasha
  1790 | D:2      | Killed Natasha
  1839 | D:2      | Noticed Natasha
  1849 | D:2      | Killed Natasha
  1850 | D:2      | Reached XP level 5. HP: 17/44 MP: 5/5
  2281 | D:2      | Noticed Natasha
  2299 | D:2      | Reached skill level 5 in Maces & Flails
  2299 | D:2      | Slain by Natasha

Illustrated notes

Levels and vault maps discovered:
D:1:      saegor_arrival_simple_b, layout_basic, serial_glass, glass_columns_b,
          glass_columns_a
D:2:      layout_basic, uniq_natasha, uniq_terence

Skill      XL: |  1  2  3  4  5 |
---------------+----------------+-----
Maces & Flails | 2 3 4 5 |  5.0
Fighting       | |  2.6
Armour         | |  3.6
Shields        | |  3.2

Action                     |  1- 3 |  4- 6 || total
---------------------------+-------+-------++-------
  Melee: Flail             |    66 |    46 ||   112
         Tailslap          |     4 |     6 ||    10
   Fire: Sling             |    32 |    18 ||    50
    Use: Potion            |     3 |       ||     3
         Scroll            |     1 |       ||     1
 Armour: Scale mail        |    50 |    26 ||    76
         Skin              |     7 |       ||     7
  Dodge: Dodged            |    37 |    16 ||    53
  Block: Buckler           |    17 |    15 ||    32

Table legend: (Time is in decaauts)
 A = Elapsed time spent in this place.
 B = Non-inter-level travel time spent in this place.
 C = Inter-level travel time spent in this place.
 D = Time resting spent in this place.
 E = Time spent auto-exploring this place.
 F = Levels seen in this place.
 G = Mean time per level.
                   A        B        C        D        E       F      G
               +--------+--------+--------+--------+--------+-----+--------+
         Total |   2342 |   2213 |    129 |    544 |   1309 |   2 | 1171.0 |
       Dungeon |   2342 |   2213 |    129 |    544 |   1309 |   2 | 1171.0 |
               +--------+--------+--------+--------+--------+-----+--------+

Top non-repeatable levels by time:
     D:1: 1188 daAuts
     D:2: 1153 daAuts
